 Dungeon Crawl Stone Soup version 0.30-a0-930-gb9d0489357 (webtiles) character file.

Game seed: 13067981864628436945

32 DeathPants the Grave Robber (level 3, 0/18 HPs)
             Began as a Vine Stalker Necromancer on Mar 23, 2023.
             Slain by a worm (2 damage)
             ... on level 2 of the Dungeon.
             The game lasted 00:04:14 (1170 turns).

DeathPants the Grave Robber (VSNe)                  Turns: 1170, Time: 00:04:15

Health: 0/18       AC:  2    Str: 10    XL:     3   Next: 25%
Magic:  0/8        EV: 12    Int: 15    God:
Gold:   14         SH:  0    Dex: 22    Spells: 4/7 levels left

rFire   . . .      SeeInvis .    d - +0 spear (heavy)
rCold   . . .      Faith    .    (no shield)
rNeg    . . .      Spirit   +    a - +0 robe
rPois   .          Reflect  .    (no helmet)
rElec   .          Rampage  .    (no cloak)
rCorr   .                        (no gloves)
Will    .....                    (no boots)
Stlth   +++                      (no amulet)
HPRegen 0.23/turn                l - +6 ring of dexterity
MPRegen 0.11/turn                (no ring)

@: no status effects
A: fangs 2, magic shield, antimagic bite, no potion heal 2
a: no special abilities


You were on level 2 of the Dungeon.
You visited 1 branch of the dungeon, and saw 2 of its levels.

You collected 14 gold pieces.

Inventory:

Hand Weapons
 d - a +0 heavy spear (weapon)
Armour
 a - a +0 robe (worn)
 j - a +0 buckler
Jewellery
 l - a +6 ring of dexterity (left hand)
Scrolls
 c - 4 scrolls of amnesia
 e - a scroll of teleportation {unknown}
 i - a scroll of fear {unknown}
 m - a scroll of noise {unknown}
 n - a scroll of immolation {unknown}
Potions
 b - a potion of magic
 g - 2 potions of mutation
 h - a potion of brilliance
 k - a potion of degeneration {unknown}


   Skills:
 + Level 1.1 Fighting
 - Level 1.5 Dodging
 - Level 2.4 Stealth
 + Level 0.2 Shields
 + Level 2.7 Spellcasting
 + Level 4.3 Necromancy


You had 4 spell levels left.
You knew the following spells:

 Your Spells              Type           Power      Damage    Failure   Level
a - Vampiric Draining     Necr           15%        2d7       11%         3

Your spell library contained the following spells:

 Spells                   Type           Power      Damage    Failure   Level
 Necrotise                Necr           60%        1d7       3%          1
 Magic Dart               Conj           8%         1d3       21%         1
 Shock                    Conj/Air       8%         1d3       21%         1
 Call Imp                 Summ           2%         N/A       30%         2
 Lesser Beckoning         Tloc           4%         N/A       30%         2
 Animate Dead             Necr           15%        N/A       34%         4
 Gell's Gravitas          Tloc           2%         N/A       52%         3
 Mephitic Cloud           Conj/Pois/Air  2%         N/A       52%         3
 Swiftness                Air            2%         N/A       52%         3
 Teleport Other           Tloc           2%         N/A       52%         3
 Airstrike                Air            1%         2d(1-17)  90%         4
 Agony                    Necr           15%        N/A       67%         5


Dungeon Overview and Level Annotations

Branches:
Dungeon (2/15)

Altars:

Shops:
D:1 ?


Innate Abilities, Weirdness & Mutations

You have extremely sharp teeth.
When hurt, damage is shared between your health and your magic reserves.
Your bite disrupts and absorbs the magic of your enemies.
Potions cannot restore your health.


Message History

h - a potion of brilliance
Okay, then.
Unknown command.
A worm comes into view.
Found a falchion.
Found a white potion.
Found a scroll labelled DUORHO FETOANT.
Found a scroll of identify.
The worm bites you!
You hit the worm. You bite the worm, but do no damage.
The worm is lightly wounded.
The worm barely misses you.
You hit the worm.
The worm is lightly wounded.
The worm bites you.
You hit the worm.
The worm is moderately wounded.
The worm completely misses you.
You hit the worm. You bite the worm. You drain its power.
You feel invigorated.
The worm is severely wounded.
The worm bites you!
You hit the worm but do no damage.
The worm is severely wounded.
The worm bites you.
You barely miss the worm. You bite the worm. You drain its power.
You feel invigorated.
The worm is severely wounded.
The worm barely misses you.
You barely miss the worm. You bite the worm. You drain its power.
The worm is almost dead.
The worm bites you.
* * * LOW HITPOINT WARNING * * *
You hit the worm. You bite the worm, but do no damage.
The worm is almost dead.
The worm bites you.
* * * LOW HITPOINT WARNING * * *
You barely miss the worm. Your bite misses the worm.
The worm is almost dead.
The worm bites you.
You die...

###........#
#####....#
.######### ####.#
........# ##.#
#......# ##..#
#......# #..##
#......# ##.##
###......#######..#
#....w@..........##
............#######
##..........#
#........).#
#.?........# ..#
#..........# ..#
....!.......# ..#
.?..........# ..#


You could see a worm.

Vanquished Creatures
  6 endoplasms
  3 giant cockroaches (D:1)
  3 goblins (D:1)
  3 hobgoblins (D:1)
  2 ball pythons (D:1)
  4 bats (D:1)
  A frilled lizard (D:1)
  4 kobolds (D:1)
  2 rats (D:1)
28 creatures vanquished.

Notes
Turn   | Place    | Note
-------+----------+-------------------------------------------
     0 | D:1      | DeathPants the Vine Stalker Necromancer began the quest for
                  | the Orb.
     0 | D:1      | Reached XP level 1. HP: 9/9 MP: 4/4
    83 | D:1      | Reached XP level 2. HP: 14/14 MP: 6/6
   355 | D:1      | Reached skill level 1 in Fighting
   532 | D:2      | Reached XP level 3. HP: 18/18 MP: 8/8
   583 | D:1      | Found The Oracle's Delphic Readings.
  1015 | D:2      | Learned a level 3 spell: Vampiric Draining
  1170 | D:2      | Slain by a worm

Illustrated notes

Levels and vault maps discovered:
D:1:      erik_arrival_orb_chamber, layout_loops_ring,
          nicolae_nh_oracle_at_delphi
D:2:      layout_basic, minmay_tree_intersection, eino_curves_04

Skill      XL: |  1  2 |
---------------+-------+-----
Fighting       | 1 |  1.1
Dodging        | |  1.5
Stealth        | |  2.4
Shields        | |  0.2
Spellcasting   | |  2.7
Necromancy     | |  4.3

Action                     || total
---------------------------++-------
  Melee: Spear             ||    63
         Bite              ||    17
   Cast: Necrotise         ||     2
    Use: Scroll            ||     3
   Stab: Sleeping          ||     3
 Armour: Robe              ||    26
  Dodge: Dodged            ||    49

Table legend: (Time is in decaauts)
 A = Elapsed time spent in this place.
 B = Non-inter-level travel time spent in this place.
 C = Inter-level travel time spent in this place.
 D = Time resting spent in this place.
 E = Time spent auto-exploring this place.
 F = Levels seen in this place.
 G = Mean time per level.
                   A        B        C        D        E       F      G
               +--------+--------+--------+--------+--------+-----+--------+
         Total |   1211 |   1173 |     38 |      0 |    860 |   2 |  605.5 |
       Dungeon |   1211 |   1173 |     38 |      0 |    860 |   2 |  605.5 |
               +--------+--------+--------+--------+--------+-----+--------+

Top non-repeatable levels by time:
     D:1: 1033 daAuts
     D:2: 177 daAuts
